 Dungeon Crawl Stone Soup version 0.27.1-2-g3b301248ec (webtiles) character file.

Game seed: 8268055556320023745

31 NFM the Chopper (level 3, 0/33 HPs)
             Began as a Hill Orc Chaos Knight on Sept 25, 2021.
             Was a Plaything of Xom.
             Succumbed to an adder's poison
             ... on level 2 of the Dungeon.
             The game lasted 00:01:51 (1144 turns).

NFM the Chopper (Hill Orc Chaos Knight)             Turns: 1144, Time: 00:01:52

Health: 0/33       AC:  5    Str: 15    XL:     3   Next: 22%
Magic:  3/3        EV: 11    Int: 12    God:    Xom [..*...]
Gold:   68         SH:  0    Dex: 10    Spells: 2/2 levels left

rFire    . . .     SeeInvis .   a - +0 hand axe (chaos)
rCold    . . .     Faith    .   (no shield)
rNeg     . . .     Spirit   .   b - +2 leather armour
rPois    .         Reflect  .   (no helmet)
rElec    .         Harm     .   (no cloak)
rCorr    .         Rampage  .   (no gloves)
Will     .....                  (no boots)
Stlth    +.........             (no amulet)
HPRegen  0.11/turn              (no ring)
MPRegen  0.08/turn              (no ring)

@: lethally poisoned (0 -> -1)
A: no striking features
a: Renounce Religion


You were on level 2 of the Dungeon.
You worshipped Xom.
You were a toy of Xom.
You visited 1 branch of the dungeon, and saw 2 of its levels.

You collected 68 gold pieces.

Inventory:

Hand Weapons
 a - a +0 hand axe of chaos (weapon)
Armour
 b - a +2 leather armour (worn)
Scrolls
 c - 3 scrolls of identify {unknown}
 e - a scroll of silence {unknown}
Potions
 d - a potion of curing {unknown}


   Skills:
 + Level 4.0 Fighting
 + Level 4.5 Axes
 + Level 3.0 Armour
 + Level 0.7 Dodging
 + Level 0.2 Stealth


You had 2 spell levels left.
You didn't know any spells.
Your spell library contained the following spells:

 Spells                   Type           Power      Damage    Failure   Level
 Call Canine Familiar     Summ           0%         N/A       77%         3
 Portal Projectile        Hex/Tloc       0%         N/A       77%         3
 Leda's Liquefaction      Hex/Erth       0%         N/A       99%         4


Dungeon Overview and Level Annotations

Branches:
Dungeon (2/15)

Altars:


Message History

The adder is severely wounded.
You closely miss the hobgoblin.
You feel sick. The adder bites you but does no damage.
The hobgoblin closely misses you. The adder closely misses you.
You miss the adder.
The adder is severely wounded.
You hit the hobgoblin.
You kill the hobgoblin!
You feel sick. The adder bites you.
You are lethally poisoned!
The adder poisons you!
Your Fighting skill increases to level 4!
You hit the adder. Lightning courses through the adder!
You kill the adder!
* * * LOW HITPOINT WARNING * * *
You feel very sick.
You have reached level 3!
Your experience leads to an increase in your attributes!
Increase (S)trength, (I)ntelligence, or (D)exterity?
You feel stronger.
* * * LOW HITPOINT WARNING * * *
You feel sick.
There is a lethal amount of poison in your body!
There is a lethal amount of poison in your body!
There is a lethal amount of poison in your body!
* * * LOW HITPOINT WARNING * * *
You feel sick.
* * * LOW HITPOINT WARNING * * *
You feel sick.
An adder comes into view.
Found a trident.
* * * LOW HITPOINT WARNING * * *
You feel sick.
The adder hisses angrily.
* * * LOW HITPOINT WARNING * * *
You feel sick.
* * * LOW HITPOINT WARNING * * *
You feel sick.
You die...
Xom laughs nastily!

.. .. #....... #.##.......
####...........####
.................<##
..........#######..##
)...S.....#### ###..####h
.............###.........#
..........@.)....###..####
.........###..#### #...#
##......## ##..# ##...
....###.# ##... ##. ###
#.# ##... #.# ##.# #.# #
#.#


You could see an adder.

Vanquished Creatures
  An adder (D:2)
  2 dart slugs (D:1)
  A ball python (D:1)
  3 endoplasms (D:1)
  A giant cockroach (D:1)
  A goblin (D:2)
  2 hobgoblins
  A quokka (D:1)
  A frilled lizard (D:1)
  2 kobolds (D:1)
  2 rats (D:1)
17 creatures vanquished.

Notes
Turn   | Place    | Note
-------+----------+-------------------------------------------
     0 | D:1      | NFM the Hill Orc Chaos Knight began the quest for the Orb.
     0 | D:1      | Reached XP level 1. HP: 19/19 MP: 1/1
    99 | D:1      | XOM: potion effect (invisibility)
   192 | D:1      | Reached XP level 2. HP: 21/27 MP: 2/2
   539 | D:1      | XOM: divination: magic mapping
   624 | D:1      | Found a faded altar of an unknown god.
  1138 | D:2      | Reached XP level 3. HP: 7/33 MP: 3/3
  1143 | D:2      | HP: 1/33 [poisoned by an adder]
  1144 | D:2      | Succumbed to an adder's poison

Illustrated notes

Levels and vault maps discovered:
D:1:      kilobyte_arrival_exit_the_forest, layout_loops_ring,
          shapermc_ecumenical_altar_mp_urbaneastern
D:2:      layout_rooms, serial_shops, shop, shop_fountains, shop,
          nicolae_shop_behind_doors

Skill      XL: |  1  2 |
---------------+-------+-----
Armour         | 3 |  3.0
Fighting       | 4 |  4.0
Axes           | |  4.5
Dodging        | |  0.7
Stealth        | |  0.2

Action                   || total
-------------------------++-------
Melee: Hand axe          ||    42
 Stab: Invisible         ||     1
Armor: Leather armour    ||    16
Dodge: Dodged            ||    24
